 Dungeon Crawl Stone Soup version 0.20.0 (webtiles) character file.

50 Sergey the Firebug (level 3, -2/31 HPs)
             Began as an Ogre Fire Elementalist on May 31, 2017.
             Splashed by a jelly's acid (10 damage)
             ... on level 2 of the Dungeon.
             The game lasted 00:06:57 (923 turns).

Sergey the Firebug (Ogre Fire Elementalist)          Turns: 923, Time: 00:06:57

Health: -2/31      AC:  3    Str: 12    XL:     3   Next: 79%
Magic:  7/7        EV: 10    Int: 17    God:
Gold:   61         SH:  0    Dex:  9    Spells: 5/8 levels left

rFire    . . .     SeeInvis .   f - +1 club
rCold    . . .     Gourm    .   (no shield)
rNeg     . . .     Faith    .   a - +0 robe
rPois    .         Spirit   .   (helmet restricted)
rElec    .         Reflect  .   h - scarf {cloud immunity}
rCorr    .         Harm     .   (gloves unavailable)
MR       .....     Rnd*Tele +   (boots unavailable)
Stlth    +.........             (no amulet)
Regen    0.1/turn               g - ring of teleportation (curse)
MPRegen  0.1/turn               (no ring)

@: about to teleport
A: unfitting armour, tough skin 1
a: no special abilities


You were on level 2 of the Dungeon.
You were not hungry.

You visited 1 branch of the dungeon, and saw 2 of its levels.

You collected 61 gold pieces.

Inventory:

Hand Weapons
 f - a +1 club (weapon)
Missiles
 l - 2 stones (quivered)
Armour
 a - a +0 robe (worn)
 h - a scarf of cloud immunity (worn)
Jewellery
 g - a cursed ring of teleportation (left hand)
Potions
 j - a potion of flight {unknown}
 m - 2 potions of mutation {unknown}
 n - a potion of might {unknown}
Books
 b - a book of Flames

   Spells                             Type                      Level
   a - Flame Tongue                   Conjuration/Fire             1
   b - Throw Flame                    Conjuration/Fire             2
   c - Conjure Flame                  Conjuration/Fire             3
   d - Inner Flame                    Hexes/Fire                   3
   e - Sticky Flame                   Conjuration/Fire             4
   f - Fireball                       Conjuration/Fire             5
Comestibles
 c - a bread ration
 k - a royal jelly


   Skills:
 + Level 1.0 Maces & Flails
 - Level 1.7 Dodging
 - Level 1.4 Stealth
 + Level 3.0 Spellcasting
 + Level 1.8 Conjurations
 + Level 3.1 Fire Magic


You had 5 spell levels left.
You knew the following spells:

 Your Spells              Type           Power        Failure   Level  Hunger
a - Flame Tongue          Conj/Fire      ##...        6%          1    None
b - Throw Flame           Conj/Fire      ##....       10%         2    ##.....


Dungeon Overview and Level Annotations

Branches:
Dungeon (2/15)

Altars:


Innate Abilities, Weirdness & Mutations

You are too large for most types of armour.
You have tough skin. (AC +1)


Message History

You feel aware of your surroundings.
You sensed 1 altar.
It was a scroll of magic mapping.
The jelly quivers.
The ooze hits you. The jelly hits you but does no damage. The rat bites you.
The ooze hits you.
Okay, then.
As you read the scroll labeled YMPAVA CAMEOPA, it crumbles to dust.
You feel strangely unstable.
It was a scroll of teleportation.
The ooze barely misses you. The ooze hits you but does no damage.
The jelly closely misses you. The rat bites you. The ooze hits you.
You closely miss the quokka. The quokka bites you.
The ooze completely misses you. The jelly hits you but does no damage.
The ooze completely misses you. The rat closely misses you.
The quokka barely misses you. The ooze closely misses you. The ooze misses you.
The quokka bites you.
* * * LOW HITPOINT WARNING * * *
The rat barely misses you. The jelly hits you.
* * * LOW HITPOINT WARNING * * *
You are splashed with acid!
The acid burns!
You die...

**,***,,*,* *,,* *** *,* #.* **,*
*,,*,***,,* **+** #.##
**,***,,*,*,,,,* *,,,** #...
**,,**,,*,*,**** ****,** ###.
***,**,,*,*,*###########*,,#####.
,,,,,,,,*,,,*#$......P÷#*).......
,,,,,,,,,,,,*#÷...J....#*........
,,*,******,,*#.JrJ..J..#*....###.
*,*,* **,*#÷.@J.JJJ.#*..#,* ##
*,*,* *,*#..rJJ....#*.*#.####
,,,,* *,*#......J..#***#.....
*,*** *,*########.## ###### *,*
*,***,,,,,,*# *,* *,**,********
######### ,,* *,***,,+,,,,*
#........ *** *,*
****,,,,*##.######. * ***
*,,,,,,,*#..# #.


You could see 3 jellies, 8 oozes, a quokka and a rat.

Vanquished Creatures
  An adder (D:2)
  A worm (D:2)
  2 dart slugs (D:1)
  4 leopard geckos (D:1)
  4 goblins (D:1)
  3 hobgoblins (D:1)
  3 bats (D:1)
  6 frilled lizards
  5 kobolds (D:1)
  3 rats
32 creatures vanquished.

Vanquished Creatures (others)
  10 fungi (D:2)
  7 toadstools (D:2)
17 creatures vanquished.

Grand Total: 49 creatures vanquished

Notes
Turn   | Place    | Note
-------+----------+-------------------------------------------
     0 | D:1      | Sergey the Ogre Fire Elementalist began the quest for the Orb.
     0 | D:1      | Reached XP level 1. HP: 16/16 MP: 3/3
    35 | D:1      | Reached skill level 1 in Conjurations
    73 | D:1      | Reached XP level 2. HP: 17/24 MP: 0/5
    77 | D:1      | Learned a level 2 spell: Throw Flame
   440 | D:1      | Reached XP level 3. HP: 15/31 MP: 0/7
   838 | D:2      | Reached skill level 1 in Maces & Flails
   923 | D:2      | Splashed by a jelly's acid

Skill      XL: |  1  2  3 |
---------------+----------+-----
Conjurations   | 1 |  1.8
Fire Magic     | 3 |  3.1
Spellcasting   | 3 |  3.0
Maces & Flails | 1 |  1.0
Dodging        | |  1.7
Stealth        | |  1.4

Action                   || total
-------------------------++-------
Melee: Unarmed           ||    26
       Club              ||    25
 Cast: Flame Tongue      ||    44
  Use: Scroll            ||     3
Armor: Robe              ||    21
Dodge: Dodged            ||    46
